 Dungeon Crawl Stone Soup version 0.23.2-33-g5129a83184 (webtiles) character file.

Game seed: 9141117902353765041

45 Acheron the Skirmisher (level 3, 0/24 HPs)
             Began as a Gargoyle Fighter on July 1, 2019.
             Slain by a gnoll
             ... wielding a +0 halberd
              (5 damage)
             ... on level 2 of the Dungeon.
             The game lasted 00:03:17 (1011 turns).

Acheron the Skirmisher (Gargoyle Fighter)           Turns: 1011, Time: 00:03:18

Health: 0/24       AC: 10    Str: 19    XL:     3   Next: 64%
Magic:  4/4        EV:  7    Int:  8    God:
Gold:   43         SH:  9    Dex: 10    Spells: 4/4 levels left

rFire    . . .     SeeInvis .   a - +0 war axe
rCold    . . .     Gourm    .   c - +0 shield
rNeg     + . .     Faith    .   b - +0 scale mail
rPois    ∞         Spirit   .   (no helmet)
rElec    +         Reflect  .   (no cloak)
rCorr    .         Harm     .   (no gloves)
MR       .....                  (no boots)
Stlth    ..........             (no amulet)
HPRegen  0.08/turn              (no ring)
MPRegen  0.09/turn              (no ring)

@: no status effects
A: negative energy resistance 1, electricity resistance, unbreathing,
petrification resistance, rot immunity, AC +3
a: no special abilities


You were on level 2 of the Dungeon.
You were hungry.

You visited 1 branch of the dungeon, and saw 2 of its levels.

You collected 43 gold pieces.

Inventory:

Hand Weapons
 a - a +0 war axe (weapon)
Missiles
 e - 80 stones (quivered)
 g - 6 needles of sleeping
Armour
 b - a +0 scale mail (worn)
 c - a +0 shield (worn)
Jewellery
 h - an uncursed ring of fire {unknown}
Scrolls
 i - 2 scrolls of identify {unknown}
 j - a scroll of magic mapping {unknown}
 m - 3 scrolls of immolation {unknown}
Potions
 d - a potion of might
 k - 2 potions of invisibility {unknown}
Comestibles
 f - 4 rations
 l - 5 chunks of flesh


   Skills:
 * Level 3.7 Fighting
 + Level 2.0 Axes
 * Level 3.5 Armour
 * Level 0.5 Dodging
 * Level 0.7 Stealth
 + Level 3.5 Shields
 * Level 1.1 Spellcasting


You had 4 spell levels left.
You didn't know any spells.
Your spell library was empty.

Dungeon Overview and Level Annotations

Branches:
Dungeon (2/15)

Altars:


Innate Abilities, Weirdness & Mutations

You are resistant to torment.
Your stone body is resilient. (AC +3)
You are immune to poison.
You resist negative energy. (rN+)
You are resistant to electric shocks. (rElec)
You can survive without breathing.
You are immune to petrification.
You are immune to rotting.


Message History

You hit the gnoll but do no damage.
The gnoll is severely wounded.
You closely miss the goblin. The goblin barely misses you.
The gnoll barely misses you.
A kobold comes into view.
The gnoll hits you from afar with a +0 halberd!
You closely miss the gnoll.
The gnoll is severely wounded.
You closely miss the goblin.
You are feeling hungry.
The kobold shouts!
You block the goblin's attack. The gnoll hits you but does no damage.
You block the gnoll's attack. The goblin closely misses you.
The gnoll hits you but does no damage. The gnoll closely misses you.
The gnoll hits you from afar with a +0 spear.
* * * LOW HITPOINT WARNING * * *
Found 5 gold pieces.
You block the gnoll's attack. The gnoll hits you with a +0 halberd.
You die...

### ##.# # ..#
###. #.#
##...##g#####
##.....#..<..##..
#......@g.........
.......g.......#..
.$>.......K.......
..>...............
...............##.
.................
......$.?........
.#..........!....


You could see 2 gnolls, a goblin and a kobold.

Vanquished Creatures
  2 gnolls (D:1)
  An ooze (D:1)
  A dart slug (D:1)
  3 giant cockroaches (D:1)
  A goblin (D:1)
  A hobgoblin (D:1)
  A bat (D:1)
  10 frilled lizards (D:1)
  2 kobolds (D:1)
  A rat (D:1)
23 creatures vanquished.

Notes
Turn   | Place    | Note
-------+----------+-------------------------------------------
     0 | D:1      | Acheron the Gargoyle Fighter began the quest for the Orb.
     0 | D:1      | Reached XP level 1. HP: 14/14 MP: 1/1
   269 | D:1      | Reached XP level 2. HP: 17/19 MP: 3/3
   691 | D:1      | Reached skill level 1 in Spellcasting
   891 | D:1      | Reached XP level 3. HP: 23/23 MP: 4/4
  1011 | D:2      | Slain by a gnoll

Skill      XL: |  1  2  3 |
---------------+----------+-----
Spellcasting   | 1 |  1.1
Axes           | 2 |  2.0
Fighting       | |  3.7
Armour         | |  3.5
Dodging        | |  0.5
Stealth        | |  0.7
Shields        | |  3.5

Action                   || total
-------------------------++-------
Melee: War axe           ||    81
Armor: Scale mail        ||    47
Dodge: Dodged            ||    38
Block: Shield            ||    62
